 Dungeon Crawl Stone Soup version 0.23.0 (webtiles) character file.

Game seed: 9081832354336236905

1321 swicky the Chopper (level 8, 0/70 (73) HPs)
             Began as a Minotaur Berserker on Feb 13, 2019.
             Was a Priest of Trog.
             Slain by an ogre
             ... wielding a +0 giant club
              (24 damage)
             ... on level 7 of the Dungeon.
             The game lasted 00:09:51 (5146 turns).

swicky the Chopper (Minotaur Berserker)             Turns: 5146, Time: 00:09:52

HP:   0/70 (73)     AC:  0    Str: 22    XL:     8   Next: 33%
MP:   7/7           EV: 12    Int:  4    God:    Trog [***...]
Gold: 302           SH:  5    Dex: 12    Spells: 7/7 levels left

rFire    . . .     SeeInvis .   a - +0 hand axe
rCold    . . .     Gourm    .   t - +0 buckler
rNeg     . . .     Faith    .   (no armour)
rPois    .         Spirit   .   (helmet restricted)
rElec    .         Reflect  .   (no cloak)
rCorr    .         Harm     .   (no gloves)
MR       .....                  (no boots)
Stlth    +.........             (no amulet)
HPRegen  0.21/turn              s - ring of flight
MPRegen  0.10/turn              (no ring)

@: berserk cooldown, slowed, very slow
A: retaliatory headbutt, horns 2
a: Berserk, Trog's Hand, Renounce Religion, Evoke Flight


You were on level 7 of the Dungeon.
You worshipped Trog.
Trog was most pleased with you.
You were very hungry.

You visited 1 branch of the dungeon, and saw 7 of its levels.

You collected 302 gold pieces.

Inventory:

Hand Weapons
 a - a +0 hand axe (weapon)
 H - a +0 war axe
Armour
 b - a +0 animal skin
 e - a +0 scale mail
 t - a +0 buckler (worn)
 G - a +0 plate armour
Jewellery
 s - a ring of flight (left hand)
 v - a +2 ring of intelligence {unknown}
 E - an uncursed amulet of the acrobat {unknown}
Wands
 A - a wand of random effects (16)
 B - a wand of polymorph (11)
 D - a wand of flame (9)
Scrolls
 h - a scroll of blinking {unknown}
 i - a scroll of fear {unknown}
 j - 3 scrolls of teleportation {unknown}
 l - 7 scrolls of identify
 m - a scroll of noise {unknown}
 o - 2 scrolls of immolation
 r - 3 scrolls of enchant weapon {unknown}
 u - a scroll of fog {unknown}
 y - 3 scrolls of remove curse {unknown}
Potions
 d - 2 potions of curing
 f - 2 potions of invisibility {unknown}
 g - a potion of agility {unknown}
 k - 2 potions of haste {unknown}
 n - a potion of magic {unknown}
 p - 2 potions of flight {unknown}
 q - 2 potions of cancellation {unknown}
 w - a potion of heal wounds {unknown}
 x - a potion of degeneration {unknown}
 z - 2 potions of resistance {unknown}
 C - a potion of mutation {unknown}
Comestibles
 c - 17 rations
 F - 13 chunks of flesh


   Skills:
 + Level 7.3 Fighting
 + Level 7.3 Axes
 + Level 6.8 Armour
 - Level 2.2 Dodging
 + Level 4.8 Shields


You had 7 spell levels left.
You didn't know any spells.
Your spell library was empty.

Dungeon Overview and Level Annotations

Branches:
Dungeon (7/15)             Temple (0/1) D:6

Altars:
Ashenzari
Cheibriados
Qazlal
Ru
Trog
Uskayaw
Xom
Yredelemnul
Zin

Shops:
D:5 %

Annotations:
D:3 2 transporters


Innate Abilities, Weirdness & Mutations

You reflexively headbutt those who attack you in melee.
You have a pair of horns on your head.


Message History

You feel a strong urge to attack something.
You are no longer berserk.
You are exhausted.
You feel yourself slow down.
Items here: ))) [[ †
H - a +0 war axe Wear which item? (? for menu, Esc to quit)
You start removing your armour.
You continue taking off your +0 scale mail. x4
You finish taking off your +0 scale mail.
You start putting on your armour.
You continue putting on your +0 plate armour. x2
Keep equipping yourself? [Y]es or [N]o only, please.
Keep equipping yourself?
You continue putting on your +0 plate armour. x2
The ogre misses you.
You continue putting on your +0 plate armour.
The ogre hits you with a +0 giant club!!
You die...

# ####.# #
###)@O.# .
###...#.......
####
###....########.
.... ###....#.#
###
####...##.#.#
#....####.#.#
#########
#...##)# #.#.#
#.....<.. ...#
#.# #.#.#
#.####### .# #(#
##.#.# #.#


You could see an ogre.

Vanquished Creatures
  2 sky beasts
  An orc warrior (D:7)
  A necrophage (D:5)
  4 centaurs
  A crimson imp (D:5)
  A hound (D:4)
  An orc priest (D:6)
  2 orc wizards
  Jessica (D:2)
  Terence (D:2)
  Natasha (twice) (D:2)
  4 iguanas
  2 worker ants
  A hound skeleton (D:4)
  8 gnolls (D:5)
  A howler monkey skeleton (D:5)
  4 adders
  3 shadow imps
  An adder skeleton (D:6)
  3 worms
  3 dart slugs (D:1)
  3 leopard geckos (D:1)
  8 orcs
  A giant cockroach (D:4)
  8 goblins
  7 hobgoblins
  7 kobolds
  2 quokkas
  A ball python (D:5)
  8 bats
  3 frilled lizards
  A quokka skeleton (D:4)
  A quokka zombie (D:5)
  4 rats
101 creatures vanquished.

Notes
Turn   | Place    | Note
-------+----------+-------------------------------------------
     0 | D:1      | swicky the Minotaur Berserker began the quest for the Orb.
     0 | D:1      | Reached XP level 1. HP: 19/19 MP: 0/0
   113 | D:1      | Reached XP level 2. HP: 24/27 MP: 1/1
   456 | D:1      | Reached XP level 3. HP: 33/33 MP: 2/2
   609 | D:1      | Reached ** piety under Trog
  1456 | D:2      | Noticed Jessica
  1460 | D:2      | Killed Jessica
  1460 | D:2      | Reached XP level 4. HP: 41/41 MP: 3/3
  1889 | D:2      | Noticed Terence
  1899 | D:2      | Killed Terence
  1912 | D:2      | Noticed Natasha
  1920 | D:2      | Killed Natasha
  1920 | D:2      | Reached skill level 5 in Fighting
  1920 | D:2      | Reached skill level 5 in Axes
  1920 | D:2      | Reached XP level 5. HP: 32/48 MP: 4/4
  2061 | D:2      | Noticed Natasha
  2069 | D:2      | Killed Natasha
  2168 | D:3      | Found a shattered altar of Ashenzari.
  2168 | D:3      | Found a stormy altar of Qazlal.
  2216 | D:3      | Found a transporter.
  2220 | D:3      | Noticed a sky beast
  2262 | D:3      | Found a transporter.
  2537 | D:3      | Found a basalt altar of Yredelemnul.
  2843 | D:4      | Reached skill level 1 in Shields
  2847 | D:4      | Reached XP level 6. HP: 30/56 MP: 5/5
  3044 | D:4      | Reached *** piety under Trog
  3302 | D:5      | Entered Level 5 of the Dungeon
  3302 | D:5      | Found Istrorom's Food Shoppe.
  3357 | D:5      | Reached skill level 5 in Armour
  3369 | D:5      | Reached XP level 7. HP: 54/60 MP: 6/6
  4358 | D:6      | Found a staircase to the Ecumenical Temple.
  4434 | D:6      | Found a bloodstained altar of Trog.
  4458 | D:6      | Found a hide-covered altar of Uskayaw.
  4498 | D:6      | Found a hide-covered altar of Uskayaw.
  4498 | D:6      | Noticed a +0 dagger
  4498 | D:6      | Noticed a +0 hand axe
  4563 | D:6      | Found a sacrificial altar of Ru.
  4566 | D:6      | Found a snail-covered altar of Cheibriados.
  4632 | D:6      | Noticed an angel
  4633 | D:6      | Found a glowing silver altar of Zin.
  4634 | D:6      | Found a shimmering altar of Xom.
  4896 | D:7      | Reached XP level 8. HP: 66/68 MP: 7/7
  5146 | D:7      | Slain by an ogre

Skill      XL: |  1  2  3  4  5  6  7  8 |
---------------+-------------------------+-----
Fighting       | 4 5 6 7 |  7.3
Axes           | 4 5 6 7 |  7.3
Armour         | 3 4 5 6 |  6.8
Shields        | 1 2 4 |  4.8
Dodging        | |  2.2

Action                   |  1- 3 |  4- 6 |  7- 9 || total
-------------------------+-------+-------+-------++-------
Melee: Hand axe          |    67 |   116 |   125 ||   308
       Headbutt          |     5 |    26 |    32 ||    63
Invok: Berserk           |       |     1 |     3 ||     4
       Trog's Hand       |       |       |     3 ||     3
  Use: Scroll            |       |       |     3 ||     3
  Eat: Chunk             |     2 |     6 |     6 ||    14
       Ration            |       |       |     1 ||     1
Armor: Animal skin       |     1 |       |       ||     1
       Scale mail        |    34 |    43 |    46 ||   123
Dodge: Dodged            |    37 |    46 |    60 ||   143
Block: Buckler           |       |     7 |    25 ||    32
